 Dungeon Crawl Stone Soup version 0.18-a0-1413-g4eaa9ac (webtiles) character file.

58 Duffy the Twirler (level 3, -5/29 HPs)
             Began as a Demonspawn Gladiator on Feb 26, 2016.
             Slain by a worm (10 damage)
             ... on level 2 of the Dungeon.
             The game lasted 00:01:33 (1762 turns).

Duffy the Twirler (Demonspawn Gladiator)            Turns: 1762, Time: 00:01:33

Health: -5/29      AC:  4    Str: 15    XL:     3   Next: 75%
Magic:  3/3        EV: 12    Int:  9    God:
Gold:   72         SH:  0    Dex: 14    Spells: 0 memorised, 2 levels left

rFire  . . .     SeeInvis .     a - +0 quarterstaff
rCold  . . .     Gourm    .     b - +0 leather armour
rNeg   . . .     Faith    .     (shield currently unavailable)
rPois  .         Spirit   .     h - +1 hat
rElec  .         Dismiss  .     (no cloak)
rCorr  .         Reflect  .     (no gloves)
SustAt .         Harm     .     (no boots)
MR     .....                    (no amulet)
Stlth  +.........               (no ring)
                                (no ring)

@: not resistant to hostile enchantments, very unstealthy
A: antennae 1
a: no special abilities


You were on level 2 of the Dungeon.
You were not hungry.

You visited 1 branch of the dungeon, and saw 2 of its levels.

You collected 72 gold pieces.


Innate Abilities, Weirdness & Mutations

You have a pair of small antennae on your head.


   Skills:
 + Level 3.1 Fighting
 + Level 3.6 Staves
 - Level 1.7 Throwing
 - Level 2.6 Dodging


You had 2 spell levels left.
You didn't know any spells.

Inventory:

Hand Weapons
 a - a +0 quarterstaff (weapon)
Missiles
 d - 3 throwing nets (quivered)
Armour
 b - a +0 leather armour (worn)
 c - a +0 helmet
 h - a +1 hat (worn)
Wands
 m - a wand of polymorph (16/24)
Scrolls
 e - 3 scrolls of identify {unknown}
 l - a scroll of enchant armour {unknown}
 p - a scroll of recharging {unknown}
 r - a scroll of amnesia {unknown}
Potions
 g - a potion of lignification {unknown}
 i - a potion of brilliance {unknown}
 j - a potion of ambrosia {unknown}
 k - a potion of haste {unknown}
Comestibles
 f - a bread ration
 n - a meat ration
 o - 3 chunks of flesh
 q - a beef jerky

Dungeon Overview and Level Annotations

Branches:
Dungeon (2/15)

Altars:
Fedhas
Qazlal


Message History

You butcher the jackal corpse.
o - 10 chunks of flesh (gained 3) Eating one of 10 chunks of flesh.
This raw flesh tastes terrible.
You continue eating. x2
Some of the chunks of flesh in your inventory have rotted away.
p - a scroll labeled PAGUUC OQERR
q - a beef jerky
r - a scroll labeled JITYICL JAADI You see here a short sword.
A worm comes into view.
The worm bites you.
Your leather armour prevents you from hitting the worm.
You hit the worm but do no damage. The worm bites you.
You hit the worm.
The worm is moderately wounded.
The worm bites you.
You hit the worm.
The worm is heavily wounded.
You hit the worm but do no damage.
The worm is heavily wounded.
The worm misses you.
You hit the worm but do no damage.
The worm is moderately wounded.
The worm bites you.
You hit the worm.
The worm is severely wounded.
You hit the worm but do no damage.
The worm is severely wounded.
The worm bites you!
You are too injured to fight recklessly!
You are too injured to fight recklessly!
You barely miss the worm.
The worm is severely wounded.
The worm bites you!
You die...

#.# #.# ### #.#
#.. #.# #.#
##########.##
#.#####
........#...#
#w....#
............####@#
.######...)......#
.# ####.##.##.# .#
#.##.##.....# .#
#.##.####...## .#
#.##.###.....#####
.#
#.##.##..........
.#
#.##...........#
.# #.#####.......#


You could see a worm.

Action                   || total
-------------------------++-------
Melee: Quarterstaff      ||   141
  Eat: Chunk             ||     3

Notes
Turn   | Place    | Note
--------------------------------------------------------------
     0 | D:1      | Duffy the Demonspawn Gladiator began the quest for the Orb.
     0 | D:1      | Reached XP level 1. HP: 16/16 MP: 1/1
    52 | D:1      | Reached skill level 3 in Staves
    54 | D:1      | Gained mutation: You have a pair of small antennae on your head. [demonic ancestry]
    54 | D:1      | Reached XP level 2. HP: 16/23 MP: 2/2
   778 | D:1      | Reached XP level 3. HP: 28/28 MP: 3/3
   976 | D:2      | Found a blossoming altar of Fedhas.
  1010 | D:2      | Found a stormy altar of Qazlal.
  1185 | D:2      | Reached skill level 3 in Fighting
  1762 | D:2      | Slain by a worm

Vault maps used:
D:1:      shiori_arrival_elements
D:2:      grunt_temple_overflow_forces_of_nature

Vanquished Creatures
  An adder
  A giant cockroach
  6 goblins
  8 hobgoblins
  7 jackals
  4 kobolds
  A quokka
  2 ball pythons
  6 bats
  3 giant newts
  6 rats
45 creatures vanquished.
